AoeStats
← jeanpy

Arena

510364056Analyzed
2v2 RM · 15h ago on Sep 30, 2026· 74m 37s· 4 players
Game mode
Random Map
Map size
Medium (4 player)
Population
200
Speed
Normal
Resources
Standard
Victory
Conquest
Starting age
Dark Age
Ending age
Imperial Age
RankedLock teamsTeams togetherTeam positionsShared explorationLock speedFull tech treeHidden civsTurbo modeCheats
Victory
Defeat
🇫🇷 Goths · France
918
+18
🇫🇷 Franks · France
913
+18
🇲🇽 Cumans · Mexico
972
-18
🇪🇸 Burgundians · Spain
948
-18
silverkass
9:46 Feudal Age
9:22 Double-Bit Axe
10:53 Town Watch
18:41 Castle Age
16:36 Horse Collar
18:05 Forging
18:01 Scale Barding Armor
18:00 Gold Mining
18:25 Heavy Plow
18:38 Bow Saw
20:44 Two-Man Saw
19:53 Husbandry
20:38 Cavalier
22:10 Chain Barding Armor
23:59 Crop Rotation
23:16 Loom
25:21 Wheelbarrow
30:22 Imperial Age
27:46 Stone Mining
29:32 Pikeman
30:13 Squires
30:51 Iron Casting
30:47 Ballistics
30:40 Caravan
30:48 Caravan
31:16 Burgundian Vineyards
32:30 Chemistry
32:28 Conscription
32:42 Hand Cart
35:32 Gold Shaft Mining
35:35 Stone Shaft Mining
36:17 Halberdier
42:53 Paladin
43:06 Light Cavalry
43:52 Hussar
44:26 Fletching
45:37 Blast Furnace
45:12 Plate Barding Armor
44:39 Padded Archer Armor
46:44 Arson
55:50 Paladin
58:43 Bodkin Arrow
59:03 Leather Archer Armor
69:01 Guilds
glitter
10:49 Feudal Age
11:03 Loom
13:15 Wheelbarrow
14:22 Fletching
15:20 Double-Bit Axe
21:47 Town Watch
24:48 Castle Age
25:13 Castle Age
25:34 Gold Mining
27:36 Bow Saw
29:13 Bloodlines
30:42 Man-at-Arms
31:23 Squires
32:54 Forging
32:44 Scale Mail Armor
33:18 Arson
33:24 Long Swordsman
34:08 Scale Mail Armor
34:58 Town Patrol
35:37 Bodkin Arrow
35:43 Padded Archer Armor
36:06 Ballistics
35:24 Pikeman
37:15 Leather Archer Armor
41:13 Imperial Age
39:17 Masonry
40:23 Thumb Ring
41:25 Hand Cart
42:07 Iron Casting
41:47 Chain Mail Armor
42:45 Parthian Tactics
41:55 Two-Handed Swordsman
46:17 Chemistry
BABOULINET
11:42 Feudal Age
15:26 Castle Age
14:44 Double-Bit Axe
15:08 Stone Mining
14:42 Man-at-Arms
16:16 Long Swordsman
19:12 Horse Collar
23:56 Wheelbarrow
24:16 Bow Saw
28:29 Squires
31:22 Hand Cart
31:10 Scale Mail Armor
31:21 Forging
35:11 Imperial Age
33:17 Chain Mail Armor
33:31 Ballistics
34:41 Iron Casting
34:45 Anarchy
34:14 Pikeman
35:24 Heated Shot
36:32 Conscription
39:24 Blast Furnace
39:46 Chemistry
39:41 Halberdier
41:52 Masonry
48:56 Two-Man Saw
48:01 Heavy Plow
49:03 Perfusion
50:03 Elite Skirmisher
50:47 Padded Archer Armor
50:37 Fletching
50:57 Caravan
53:23 Leather Archer Armor
53:03 Bodkin Arrow
55:59 Bracer
56:29 Ring Archer Armor
73:08 Crop Rotation
jeanpy
11:08 Feudal Age
16:25 Castle Age
14:18 Stone Mining
14:16 Double-Bit Axe
15:06 Gold Mining
24:46 Wheelbarrow
28:58 Imperial Age
26:54 Bow Saw
27:22 Gold Shaft Mining
27:32 Hand Cart
28:49 Husbandry
29:05 Scale Barding Armor
30:44 Conscription
30:24 Chivalry
30:56 Chain Barding Armor
30:47 Forging
30:33 Cavalier
32:29 Plate Barding Armor
33:06 Iron Casting
35:10 Light Cavalry
38:45 Blast Furnace
38:33 Ballistics
39:13 Chemistry
48:58 Caravan
51:53 Elite Skirmisher
66:28 Blast Furnace
70:03 Padded Archer Armor
69:53 Fletching
Connection lost

Rejoining the realm…

Still unreachable

The connection could not be restored.

Session expired

The server has moved on; the page needs a fresh start.